 Dungeon Crawl Stone Soup version 0.27-a0-412-g8dd771eca2 (webtiles) character file.

Game seed: 1355713098423558688

57 d3xhu the Sneak (level 4, -1/27 HPs)
             Began as an Octopode Venom Mage on Feb 24, 2021.
             Slain by an adder (3 damage)
             ... on level 2 of the Dungeon on Feb 25, 2021.
             The game lasted 00:33:39 (2420 turns).

d3xhu the Sneak (Octopode Venom Mage)               Turns: 2420, Time: 00:33:40

Health: -1/27      AC:  1    Str:  7    XL:     4   Next: 0%
Magic:  7/7        EV: 13    Int: 17    God:
Gold:   156        SH:  0    Dex: 13    Spells: 6/7 levels left

rFire    . . .     SeeInvis .   q - +1 short sword (holy)
rCold    . . .     Faith    .   (no shield)
rNeg     . . .     Spirit   .   (helmet restricted)
rPois    .         Reflect  .   (no amulet)
rElec    .         Harm     .   (no ring)
rCorr    .         Rampage  .   (no ring)
Will     .....                  (no ring)
Stlth    ++++......             (no ring)
HPRegen  0.09/turn              (no ring)
MPRegen  0.10/turn              (no ring)
                                (no ring)
                                (no ring)

@: lethally poisoned (-1 -> -6)
A: almost no armour, stealthy swim, amphibious, 8 rings, constrict 8, camouflage
1, gelatinous body 1
a: no special abilities


You were on level 2 of the Dungeon.
You visited 1 branch of the dungeon, and saw 2 of its levels.

You collected 156 gold pieces.

Inventory:

Hand Weapons
 a - a +0 club
 c - a +0 short sword
 f - a +0 dagger
 i - a +0 club
 j - a +0 short sword
 o - a +0 whip
 p - a +0 dagger
 q - a +1 short sword of holy wrath (weapon)
Missiles
 e - 109 stones
 h - 20 sling bullets
 l - 80 bolts
 m - 8 poisoned darts
Armour
 d - a +0 leather armour
 g - a +2 cloak
 k - a +0 leather armour
 n - a +0 ring mail
Jewellery
 b - a ring of wizardry
Scrolls
 r - a scroll of teleportation {unknown}
 s - a scroll of identify


   Skills:
 + Level 0.1 Fighting
 + Level 0.6 Short Blades
 + Level 0.2 Maces & Flails
 + Level 2.2 Dodging
 + Level 4.5 Stealth
 + Level 0.1 Unarmed Combat
 + Level 2.1 Spellcasting
 + Level 1.0 Transmutations
 + Level 4.1 Poison Magic


You had 6 spell levels left.
You knew the following spells:

 Your Spells              Type           Power        Failure   Level
a - Sting                 Tmut/Pois      40%          7%          1

Your spell library contained the following spells:

 Spells                   Type           Power        Failure   Level
 Poisonous Vapours        Pois/Air       16%          12%         2
 Ignite Poison            Fire/Tmut/Pois 7%           28%         3
 Mephitic Cloud           Conj/Pois/Air  6%           32%         3
 Olgreb's Toxic Radiance  Pois           16%          34%         4


Dungeon Overview and Level Annotations

Branches:
Dungeon (2/15)

Altars:


Innate Abilities, Weirdness & Mutations

You cannot wear most types of armour.
You are very stealthy in the water. (Stealth+)
You are amphibious.
You can wear up to eight rings at the same time.
You can use your tentacles to constrict eight enemies at once.
Your skin changes colour to match your surroundings (Stealth+).
Your rubbery body absorbs attacks. (AC +1, EV +1)


Message History

The rat bites you.
You hit the rat.
You kill the rat!
s - a scroll of identify
Found 11 gold pieces.
You see here a rat corpse.
You hit the frilled lizard.
You kill the frilled lizard!
A kobold comes into view.
You see here 11 gold pieces.
The kobold shouts!
You see here 11 gold pieces.
You now have 156 gold pieces (gained 11).
An adder comes into view.
The kobold hits you.
The adder hisses angrily.
You hit the kobold. Your grab misses the kobold.
The kobold is moderately wounded.
The kobold hits you but does no damage.
You hit the kobold. Your grab misses the kobold.
The kobold is moderately wounded.
The kobold misses you.
You closely miss the kobold. You grab the kobold.
The kobold is moderately wounded.
You constrict the kobold. The kobold barely misses you. The kobold hits you.
You hit the kobold.
You kill the kobold!
The adder bites you.
* * * LOW HITPOINT WARNING * * *
You are lethally poisoned!
The adder poisons you!
You have reached level 4!
* * * LOW HITPOINT WARNING * * *
You feel sick. The adder closely misses you. x2
You hit the adder. You grab the adder.
The adder is heavily wounded.
You constrict the adder.
* * * LOW HITPOINT WARNING * * *
You feel sick. The adder bites you.
You die...

....#'# ...#.# ...#.# .
..#.# ... #...###..... .
#..........##### ..
#(S............#### ...
#.@................ ....
#.................. .....
#..................
......#..................
..............†..........
.........................
.........................
.........................
................#########


You could see an adder.

Vanquished Creatures
  An adder (D:2)
  An ooze (D:1)
  A dart slug (D:1)
  5 leopard geckos
  A giant cockroach (D:1)
  3 goblins (D:1)
  5 hobgoblins
  A jackal (D:2)
  A quokka (D:2)
  3 bats (D:1)
  4 frilled lizards
  6 kobolds
  8 rats
40 creatures vanquished.

Notes
Turn   | Place    | Note
-------+----------+-------------------------------------------
     0 | D:1      | d3xhu the Octopode Venom Mage began the quest for the Orb.
     0 | D:1      | Reached XP level 1. HP: 11/11 MP: 3/3
   132 | D:1      | Reached XP level 2. HP: 17/17 MP: 5/5
   724 | D:1      | Reached XP level 3. HP: 21/21 MP: 6/6
  2419 | D:2      | Reached XP level 4. HP: 4/27 MP: 7/7
  2420 | D:2      | Slain by an adder

Illustrated notes

Levels and vault maps discovered:
D:1:      grunt_arrival_lava_bath, layout_loops_ring, grunt_decor_arrowhead,
          minmay_tree_intersection, grunt_decor_mini_mirrors,
          minmay_rat_gold_closets
D:2:      layout_basic, minmay_small_reverse_x

Skill      XL: |  1  2  3 |
---------------+----------+-----
Stealth        | 3 4 |  4.5
Poison Magic   | 4 |  4.1
Fighting       | |  0.1
Short Blades   | |  0.6
Maces & Flails | |  0.2
Dodging        | |  2.2
Unarmed Combat | |  0.1
Spellcasting   | |  2.1
Transmutations | |  1.0

Action                   |  1- 3 |  4- 6 || total
-------------------------+-------+-------++-------
Melee: Unarmed           |    14 |       ||    14
       Constrict         |    19 |     1 ||    20
       Dagger            |    29 |       ||    29
       Tentacles         |     8 |       ||     8
       Club              |    22 |       ||    22
       Short sword       |    14 |     1 ||    15
       Whip              |    11 |       ||    11
 Cast: Sting             |     2 |       ||     2
  Use: Scroll            |     3 |       ||     3
 Stab: Sleeping          |    19 |       ||    19
       Distracted        |     1 |       ||     1
Armor: Skin              |     4 |       ||     4
Dodge: Dodged            |    50 |     2 ||    52

Table legend: (Time is in decaauts)
 A = Elapsed time spent in this place.
 B = Non-inter-level travel time spent in this place.
 C = Inter-level travel time spent in this place.
 D = Time resting spent in this place.
 E = Time spent auto-exploring this place.
 F = Levels seen in this place.
 G = Mean time per level.
                   A        B        C        D        E       F      G
               +--------+--------+--------+--------+--------+-----+--------+
         Total |   2407 |   1022 |   1385 |    300 |    230 |   2 | 1203.5 |
       Dungeon |   2407 |   1022 |   1385 |    300 |    230 |   2 | 1203.5 |
               +--------+--------+--------+--------+--------+-----+--------+

Top non-repeatable levels by time:
     D:1: 2034 daAuts
     D:2: 373 daAuts
